 Dungeon Crawl Stone Soup version 0.29.1-15-g9cfb28693d (webtiles) character file.

Game seed: 12472615315058271646

92 croobank the Firebug (level 4, -2/32 HPs)
             Began as a Demonspawn Fire Elementalist on Apr 15, 2023.
             Slain by an orc
             ... wielding a +0 falchion
              (4 damage)
             ... on level 3 of the Dungeon.
             The game lasted 00:07:27 (2771 turns).

croobank the Firebug (Demonspawn Fire Elementalist) Turns: 2771, Time: 00:07:28

Health: -2/32      AC:  5    Str:  8    XL:     4   Next: 35%
Magic:  7/7        EV: 12    Int: 19    God:
Gold:   119        SH:  0    Dex: 13    Spells: 1/8 levels left

rFire   + . .      SeeInvis .   b - +0 sling
rCold   + . .      Faith    .   (no shield)
rNeg    . . .      Spirit   .   d - +0 robe
rPois   +          Reflect  .   o - +0 helmet
rElec   +          Harm     .   c - +0 cloak
rCorr   +          Rampage  .   i - +0 pair of gloves
Will    .....                   (no boots)
Stlth   +.........              (no amulet)
HPRegen 0.10/turn               (no ring)
MPRegen 0.10/turn               (no ring)

@: confused, resistant
A: powered by pain 2, weakness stinger 1
a: no special abilities


You were on level 3 of the Dungeon.
You visited 1 branch of the dungeon, and saw 3 of its levels.

You collected 119 gold pieces.

Inventory:

Hand Weapons
 a - a +0 dagger
 b - a +0 sling (weapon)
Armour
 c - a +0 cloak (worn)
 d - a +0 robe (worn)
 i - a +0 pair of gloves (worn)
 o - a +0 helmet (worn)
 q - a +0 scale mail of fire resistance
Magical Staves
 k - a staff of cold
Jewellery
 n - a ring of poison resistance
Scrolls
 e - 2 scrolls of identify
 f - 3 scrolls of immolation {unknown}
 g - a scroll of blinking {unknown}
 j - a scroll of silence {unknown}
 l - a scroll of enchant armour {unknown}
 m - a scroll of butterflies {unknown}
 p - 3 scrolls of vulnerability
 s - 2 scrolls of teleportation {unknown}
Potions
 h - a potion of attraction


   Skills:
 + Level 1.2 Fighting
 + Level 2.2 Dodging
 + Level 2.3 Stealth
 + Level 2.6 Spellcasting
 + Level 1.9 Conjurations
 + Level 3.1 Fire Magic


You had one spell level left.
You knew the following spells:

 Your Spells              Type           Power      Damage    Failure   Level
a - Foxfire               Conj/Fire      48%        2x1d6     5%          1
b - Scorch                Fire           28%        2d6       7%          2
c - Flame Wave            Conj/Fire      12%        2d6       50%         4

Your spell library contained the following spells:

 Spells                   Type           Power      Damage    Failure   Level
 Conjure Flame            Conj/Fire      12%        6-21      17%         3
 Inner Flame              Hex/Fire       8%         N/A       26%         3


Dungeon Overview and Level Annotations

Branches:
Dungeon (3/15)

Altars:

Annotations:
D:3 2 transporters, leafyfresh's ghost, weakling OpDe


Innate Abilities, Weirdness & Mutations

You sometimes gain power by taking damage.
You have a small tail.


Message History

The magic dart hits you but does no damage.
You hear some strange, mumbled words.
Something tries to affect you, but you resist.
The orc wizard gestures at you while chanting.
You are confused.
You hear some strange, mumbled words.
A puff of flame appears from out of thin air!
The puff of flame hits you.
The orc wizard gestures wildly while chanting.
The orc wizard flickers and vanishes!
You bump into the rock wall.
The orc priest mumbles some strange prayers to Beogh against you.
Something writhes in agony.
You hear some strange, mumbled words.
You are more confused.
The orc priest mumbles some strange prayers to Beogh against you.
Beogh smites you!
* * * LOW HITPOINT WARNING * * *
You focus on the pain.
You feel your power returning. The orc hits you with a +0 falchion.
* * * LOW HITPOINT WARNING * * *
Okay, then.
It was a potion of resistance.
You feel protected.
The orc priest miscasts a cantrip.
You hear some strange, mumbled words.
A puff of flame appears from out of thin air!
The puff of flame hits you. You resist.
* * * LOW HITPOINT WARNING * * *
You are too confused!
Okay, then.
The orc attacks as you move away! The orc closely misses you.
You bump into the rock wall.
You hear some strange, mumbled words.
A puff of flame appears from out of thin air!
The puff of flame hits you. You resist.
* * * LOW HITPOINT WARNING * * *
You bump into the rock wall.
Something hits you but does no damage. The orc hits you with a +0 falchion.
You die...

#.)############
#)†#....$($...©
####..#...........
##.##).#..##..Z##..
#.#)...#..#8.?.8#..
##)##..#..##...##..
#.##..# .... ....
#.##†.# #.. #..
#@o...# 8... #..
...####.{#..#
##...##..
........o...#
.........
########.#..#
.....Z... #o#..#
######### #.#....
...©.....
#.#..............
#.####.####)###.#
... .# #.#


You could see an orc priest and 2 orcs.

Vanquished Creatures
  Robin (D:3)
  An adder (D:2)
  2 dart slugs (D:1)
  4 bats
  6 endoplasms
  13 goblins
  8 hobgoblins
  6 jackals (D:2)
  3 kobolds
  2 quokkas
  3 ball pythons
  5 frilled lizards
  5 rats
59 creatures vanquished.

Vanquished Creatures (others)
  71 foxfires
71 creatures vanquished.

Grand Total: 130 creatures vanquished

Notes
Turn   | Place    | Note
-------+----------+-------------------------------------------
     0 | D:1      | croobank the Demonspawn Fire Elementalist began the quest
                  | for the Orb.
     0 | D:1      | Reached XP level 1. HP: 13/13 MP: 3/3
   263 | D:1      | Discovered your monstrous ancestry.
   263 | D:1      | Gained mutation: You have a small tail. [demonic ancestry]
   263 | D:1      | Reached XP level 2. HP: 19/19 MP: 3/5
   286 | D:1      | Learned a level 2 spell: Scorch
   515 | D:1      | Found a faded altar of an unknown god.
   824 | D:1      | Gained mutation: You sometimes gain a little power by
                  | taking damage. [demonic ancestry]
   824 | D:1      | Reached XP level 3. HP: 25/25 MP: 0/6
  1287 | D:2      | Reached skill level 3 in Fire Magic
  2083 | D:2      | Reached skill level 1 in Fighting
  2245 | D:2      | Gained mutation: You sometimes gain power by taking damage.
                  | [demonic ancestry]
  2245 | D:2      | Reached XP level 4. HP: 32/32 MP: 4/7
  2250 | D:2      | Learned a level 4 spell: Flame Wave
  2508 | D:3      | Noticed leafyfresh's ghost (weakling OpDe)
  2509 | D:3      | Found a transporter.
  2557 | D:3      | Found a transporter.
  2557 | D:3      | Noticed a necrophage
  2568 | D:3      | Noticed Robin
  2582 | D:3      | Killed Robin
  2771 | D:3      | Slain by an orc

Illustrated notes

Levels and vault maps discovered:
D:1:      dpeg_arrival_ternary, layout_loops_cross,
          hellmonk_ecumenical_altar_leap_of_faith, wad_floor_pattern_untrapped,
          minmay_close_crescents
D:2:      layout_basic, minmay_tiny_reverse_x
D:3:      layout_loops_ring, gammafunk_ghost_mausoleum, uniq_robin

Skill      XL: |  1  2  3 |
---------------+----------+-----
Stealth        | 2 |  2.3
Dodging        | 2 |  2.2
Fire Magic     | 3 |  3.1
Fighting       | 1 |  1.2
Spellcasting   | |  2.6
Conjurations   | |  1.9

Action                   |  1- 3 |  4- 6 || total
-------------------------+-------+-------++-------
Melee: Dagger            |    27 |    11 ||    38
       Tailslap          |     5 |       ||     5
 Fire: Sling             |    20 |     4 ||    24
 Cast: Foxfire           |    41 |     5 ||    46
       Scorch            |    17 |    11 ||    28
  Use: Scroll            |     1 |     1 ||     2
       Potion            |       |     2 ||     2
 Stab: Sleeping          |     1 |       ||     1
Armor: Robe              |    15 |    13 ||    28
Dodge: Dodged            |    23 |    14 ||    37
